 Dungeon Crawl Stone Soup version 0.31-a0-313-g785cd24033 (webtiles) character file.

Game seed: 5867918897306872496

127416 Impy the Metamorph (level 16, -6/189 HPs)
             Began as a Grey Draconian Shapeshifter on July 17, 2023.
             Was the Champion of Nemelex Xobeh.
             Mangled by a goliath frog (16 damage)
             ... on level 2 of the Swamp.
             The game lasted 01:02:32 (21971 turns).

Impy the Metamorph (Grey Draconian Shapeshifter)   Turns: 21971, Time: 01:02:34

Health: -6/189     AC: 28    Str: 22    XL:     16   Next: 46%
Magic:  21/21      EV: 12    Int: 10    God:    Nemelex Xobeh [******]
Gold:   670        SH:  9    Dex: 14    Spells: 15/15 levels left

rFire   + +          .
                       - Unarmed
rCold   + + .        V - +2 buckler {rF+}
rNeg    + + .        (body armour unavailable)
rPois   ∞            u - -2 hat of the Alchemist {rElec rPois rF+ rC+ rN+ Will+ rMut rCorr}
rElec   +            v - +0 cloak of Zin {+Inv Will+}
rCorr   +            (gloves currently unavailable)
SInv    .            (boots currently unavailable)
Will    +++..        r - amulet of regeneration
Stlth   +            D - ring of protection from cold
HPRegen 1.31/turn    s - +4 ring of slaying
MPRegen 0.17/turn

%: resist mutation
@: statue-form, corroded, very slow
A: slow and powerful, torment resistance 1, boosted hp, AC +14, amphibious,
unfitting armour, cold-blooded
a: Begin Untransformation, Renounce Religion, Evoke Invisibility, Draw Escape,
Draw Destruction, Draw Summoning, Triple Draw, Deal Four, Stack Five


You were on level 2 of the Swamp.
You worshipped Nemelex Xobeh.
Nemelex Xobeh was exalted by your worship.
You were a living statue of rough stone.
You visited 5 branches of the dungeon, and saw 25 of its levels.
You visited the Abyss 1 time.
You also visited: Sewer, Bailey and Gauntlet.

You collected 2435 gold pieces.
You spent 1765 gold pieces at shops.

Inventory:

Missiles
 B - 3 throwing nets
Armour
 g - a +0 tower shield
 u - the -2 hat of the Alchemist (worn) {rElec rPois rF+ rC+ rN+ Will+ rMut rCorr}
   (You bought it in a shop on level 2 of the Orcish Mines)

   rF:        It protects you from fire.
   rC:        It protects you from cold.
   rElec:     It insulates you from electricity.
   rPois:     It protects you from poison.
   rN:        It protects you from negative energy.
   rCorr:     It protects you from acid and corrosion.
   rMut:      It protects you from mutation.
   Will:      It increases your willpower.
 v - the +0 cloak of Zin (worn) {+Inv Will+}
   (You found it in a Gauntlet)

   +Inv:      It lets you turn invisible.
   Will:      It increases your willpower.
 V - a +2 buckler of fire resistance (worn)
Jewellery
 k - a ring of see invisible
 r - an amulet of regeneration (around neck)
 s - a +4 ring of slaying (right fist)
 y - a ring of willpower
 D - a ring of protection from cold (left fist)
 N - a ring of positive energy
 T - a +6 ring of strength
Talismans
 b - a beast talisman
 e - a granite talisman
 z - a serpent talisman
Wands
 m - a wand of paralysis (13)
 o - a wand of digging (11)
 F - a wand of flame (34)
 G - a wand of iceblast (19)
 Q - a wand of polymorph (6)
 U - a wand of quicksilver (2)
Scrolls
 h - 8 scrolls of teleportation
 l - 3 scrolls of enchant weapon
 p - a scroll of fear
 E - 14 scrolls of identify
 H - 2 scrolls of butterflies
 I - 4 scrolls of fog
 L - 2 scrolls of enchant armour
 P - a scroll of revelation
 R - a scroll of poison
Potions
 a - 6 potions of curing
 c - 2 potions of might
 d - 6 potions of enlightenment
 f - 4 potions of mutation
 i - 6 potions of attraction
 t - a potion of invisibility
 w - 4 potions of brilliance
 x - 2 potions of haste
 A - a potion of heal wounds
 C - a potion of berserk rage
 O - a potion of resistance
 S - a potion of ambrosia


   Skills:
 + Level 14.1 Fighting
 - Level 1.7 Dodging
 + Level 11.6 Shields
 + Level 13.5 Unarmed Combat
 - Level 7.7 Invocations
 - Level 17.3 Shapeshifting


You had 15 spell levels left.
You didn't know any spells.
Your spell library contained the following spells:

 Spells                   Type           Power      Damage    Failure   Level
 Apportation              Tloc           0%         N/A       38%         1
 Foxfire                  Conj/Fire      0%         2x1d4     38%         1
 Kiss of Death            Conj/Necr      0%         2d5       38%         1
 Sting                    Tmut/Pois      0%         1d3       38%         1
 Cigotuvi's Dreadful Rot  Necr/Pois/Air  0%         N/A       54%         2
 Ensorcelled Hibernation  Hex/Ice        0%         N/A       54%         2
 Passwall                 Tmut/Erth      0%         N/A       54%         2
 Poisonous Vapours        Pois/Air       0%         N/A       54%         2
 Confusing Touch          Hex            0%         N/A       77%         3
 Mephitic Cloud           Conj/Pois/Air  0%         N/A       77%         3
 Ozocubu's Armour         Ice            0%         N/A       77%         3
 Swiftness                Air            0%         N/A       77%         3
 Animate Dead             Necr           0%         N/A       99%         4
 Cause Fear               Hex            0%         N/A       99%         4
 Dispel Undead            Necr           0%         3d6       99%         4
 Olgreb's Toxic Radiance  Pois           0%         N/A       99%         4
 Alistair's Intoxication  Tmut/Pois      0%         N/A       100%        5
 Borgnjor's Vile Clutch   Necr/Erth      0%         N/A       100%        5
 Fireball                 Conj/Fire      0%         3d3       100%        5
 Freezing Cloud           Conj/Ice/Air   0%         6-21      100%        5
 Metabolic Englaciation   Hex/Ice        0%         N/A       100%        5
 Summon Mana Viper        Hex/Summ       0%         N/A       100%        5
 Death Channel            Necr           0%         N/A       100%        6
 Plasma Beam              Fire/Air       0%         2x1d10    100%        6
 Simulacrum               Ice/Necr       0%         N/A       100%        6
 Starburst                Conj/Fire      0%         6d3       100%        6
 Dragon's Call            Summ           0%         N/A       100%        9


Dungeon Overview and Level Annotations

Branches:
Dungeon (15/15)            Temple (1/1) D:5            Lair (5/5) D:11
  Swamp (2/4) Lair:3       Spider (0/4) Lair:3        Slime (0/5) Lair:5
    Orc (2/2) D:10            Elf (0/3) Orc:2        Vaults (0/5) D:14
 Depths (0/4) D:15          Sewer (visited)          Bailey (visited)
Gauntlet (visited)

Altars:
Ashenzari
Cheibriados
Dithmenos
Elyvilon
Fedhas
Gozag
Hepliaklqana
Kikubaaqudgha
Makhleb
Nemelex Xobeh
Okawaru
Qazlal
Ru
Sif Muna
Trog
Uskayaw
Vehumet
Wu Jian
Xom
Yredelemnul
Zin
The Shining One
Ignis
Jiyva
Lugonu

Shops:
D:2 *   D:5 *   D:9 [   D:12 !   Orc:2 :*[(

Annotations:
D:5 1 runed translucent door, Voker57's ghost, novice DsMo
D:6 2 transporters, Kiciri's ghost, novice DjCj
D:7 2 transporters


Innate Abilities, Weirdness & Mutations

You are a living statue of rough stone.
Your actions are slow, but your melee attacks are powerful.
You are resistant to unholy torment.
Your maximum health is greatly increased.
Your equipment is partially melded.
((Your dull iron-grey scales are very hard. (AC +14)))
You are amphibious.
You cannot fit into any form of body armour.
You are immune to poison.
You are cold-blooded and may be slowed by cold attacks.


Message History

The goliath frog hits your basilisk from afar!
Your basilisk is splashed with acid.
The goliath frog closely misses your basilisk.
The goliath frog barely misses your basilisk.
Your basilisk splashes around in the water.
A tyrant leech comes into view.
You are no longer corroded.
The goliath frog no longer looks unusually strong.
The goliath frog closely misses your basilisk.
Your basilisk barely misses the goliath frog.
The goliath frog hits your basilisk.
Your basilisk is splashed with acid.
The acid corrodes your basilisk!
Your basilisk splashes around in the water.
A tyrant leech comes into view.
Your ice beast closely misses the goliath frog.
The goliath frog barely misses your basilisk.
The goliath frog hits you from afar!
* * * LOW HITPOINT WARNING * * *
The acid corrodes you!
You are splashed with acid.
You resist.
* * * LOW HITPOINT WARNING * * *
Your basilisk gazes at the goliath frog.
The goliath frog resists with almost no effort.
A foxfire comes into view. x2
The goliath frog hits your basilisk!!
Your basilisk dies!
Your basilisk's corpse disappears in a puff of smoke!
Your ice beast closely misses the goliath frog.
You block the goliath frog's attack. The tyrant leech bites your ice beast!!
Your ice beast hits the goliath frog but does no damage.
A will-o-the-wisp comes into view.
The goliath frog hits your ice beast.
Your ice beast is splashed with acid.
The acid corrodes your ice beast! You block the goliath frog's attack.
There is a stone staircase leading up here.
The foxfire dissipates! x2
The goliath frog hits your ice beast!
Your ice beast dies!
Your ice beast disappears in a puff of smoke!
The goliath frog hits you from afar!
You die...
Your body glows with a rainbow of weird colours and disappears.

...(~~~§§..♣ ..~~.
?...~~~v§..♣ ♣...~♣
.~~~~~§§..♣♣♣~.~~♣♣♣
♣.~~~~§§....~...(.♣♣
♣..~w.§§~≈≈≈~~....♣
♣..§§.~§§≈≈≈≈≈~[~..
♣.~F~~≈§§F≈≈≈~.~..
♣♣~.).≈~†§..≈≈~.w.~
♣~....y~≈.8.≈≈≈~...
♣.~~~~.≈≈≈~§~≈≈~...~
♣.~~~~~~≈≈≈≈≈≈≈~.~~~
♣♣......~≈≈≈≈≈≈~..~~
♣♣♣♣♣♣.~~≈≈≈~~~....
♣♣..~~.~....♣♣
♣♣♣♣♣♣♣♣.♣♣♣ ~~


You could see 2 tyrant leeches, 2 goliath frogs, a will-o-the-wisp and a vampire
mosquito (petrified, unaware).

Vanquished Creatures
  Nikola (Swamp:2)
  2 tentacled starspawn (Abyss:1)
  Kirke (Lair:4)
  Roxanne (D:14)
  An orc warlord (Orc:2)
  A dire elephant (Gauntlet)
  A minotaur (Gauntlet)
  2 vault guards (D:14)
  Harold (Lair:2)
  Fannar (Lair:1)
  2 catoblepae
  3 ghost crabs (Swamp:1)
  10 hydras
  3 centaur warriors
  A boulder beetle (Lair:4)
  6 two-headed ogres
  A death knight (D:14)
  2 alligators
  14 death yaks
  2 tengu warriors
  4 orc high priests (Orc:2)
  Amaemon (Lair:2)
  Sonja (Lair:2)
  A skyshark (Lair:4)
  2 wretched stars (Abyss:1)
  10 skeletal warriors
  2 spriggan druids
  2 swamp dragons
  A goliath frog (Swamp:1)
  3 bog bodies (Swamp:1)
  A necromancer (D:15)
  2 orc knights (Orc:2)
  A phantasmal warrior (D:14)
  A wizard (D:15)
  A deep elf pyromancer (D:12)
  A deep elf zephyrmancer (D:15)
  9 ugly things
  4 orc sorcerers
  4 manticores
  A will-o-the-wisp (Swamp:1)
  3 cyclopes
  A centaur zombie (D:15)
  3 large abominations (Abyss:1)
  9 elephants
  A molten gargoyle (Gauntlet)
  3 gargoyles
  7 black mambas
  A naga mage (D:15)
  4 unseen horrors
  3 centaur skeletons
  11 cane toads
  2 rime drakes
  An orange demon (Lair:2)
  Psyche (D:10)
  12 komodo dragons
  2 ancient zymes (Abyss:1)
  A kobold demonologist (D:12)
  2 efreet
  A freezing wraith (D:14)
  8 polar bears
  5 trolls
  8 tyrant leeches
  A harpy skeleton (Abyss:1)
  A polar bear (shapeshifter) (D:13)
  8 hornets
  2 dream sheep (Lair:5)
  Prince Ribbit (D:6)
  A black mamba zombie (Abyss:1)
  4 raiju (Abyss:1)
  3 slime creatures (D:11)
  A culicivora (shapeshifter) (D:15)
  2 ynoxinuls (Abyss:1)
  6 wyverns
  3 culicivoras (Lair:3)
  5 shadows
  23 spriggans
  2 flying skulls (Abyss:1)
  5 wraiths
  61 yaks
  3 hogs (Lair:4)
  10 starcursed masses
  9 humans (D:14)
  6 basilisks
  Eustachio (D:4)
  13 vampire mosquitoes
  3 steam dragons
  A chaos spawn (Abyss:1)
  10 wargs
  A swamp worm (Swamp:1)
  4 acid dragons
  29 orc warriors
  9 water moccasins
  A swamp drake (Swamp:1)
  6 black bears
  4 boggarts (Lair:5)
  3 ice beasts
  5 small abominations (Abyss:1)
  7 centaurs
  6 ogres
  24 wolves
  A phantom (D:5)
  4 kobold brigands
  13 bullfrogs
  A bullfrog (shapeshifter) (D:15)
  6 necrophages (Lair:2)
  2 gnoll sergeants
  3 scorpions
  5 wights (D:8)
  2 troll zombies (D:10)
  12 killer bees
  An electric eel (D:8)
  A howler monkey (D:14)
  A crimson imp (Abyss:1)
  2 hounds
  A jelly (D:5)
  21 orc priests
  A sleepcap (D:6)
  4 iguanas
  27 orc wizards
  4 ogre zombies (D:10)
  5 adders
  10 gnolls
  A shadow imp (D:7)
  3 worms
  3 dart slugs
  69 orcs
  10 ball pythons
  5 bats
  5 endoplasms
  8 giant cockroaches
  10 goblins
  5 hobgoblins
  7 jackals
  24 kobolds
  6 quokkas
  4 frilled lizards
  A goblin zombie (D:10)
  A hobgoblin skeleton (D:10)
  A hobgoblin zombie (D:10)
  4 orc skeletons (D:10)
  12 orc zombies (D:10)
  15 rats
  A spectral orc (D:14)
803 creatures vanquished.

Vanquished Creatures (collateral kills)
  Rupert (Lair:4)
  A hydra (Lair:4)
  An orc knight (Orc:2)
  A hornet (Swamp:2)
  An orc warrior (Orc:2)
  2 orc wizards (Orc:2)
  2 orcs (Orc:2)
9 creatures vanquished.

Vanquished Creatures (others)
  An eleionoma (Swamp:1)
  3 humans
  A swamp worm (Swamp:1)
  An orc wizard (D:8)
  6 foxfires
  6 starspawn tentacles (Abyss:1)
18 creatures vanquished.

Grand Total: 830 creatures vanquished

Notes
Turn   | Place    | Note
-------+----------+-------------------------------------------
     0 | D:1      | Impy the Draconian Shapeshifter began the quest for the
                  | Orb.
     0 | D:1      | Reached XP level 1. HP: 17/17 MP: 1/1
   122 | D:1      | You fall into a shaft and drop 1 floor!
   134 | D:2      | Found Ful Dai's Assorted Antiques.
   145 | D:2      | Reached XP level 2. HP: 24/24 MP: 2/2
   315 | D:2      | Reached XP level 3. HP: 28/29 MP: 3/3
  1793 | D:3      | Reached XP level 4. HP: 35/36 MP: 4/4
  2217 | D:3      | Found a faded altar of an unknown god.
  2465 | D:4      | Noticed Eustachio
  2479 | D:4      | Killed Eustachio
  2480 | D:4      | Reached XP level 5. HP: 24/41 MP: 5/5
  2568 | D:4      | Noticed an ice beast
  2576 | D:4      | Killed an ice beast
  2577 | D:4      | Reached XP level 6. HP: 31/48 MP: 6/6
  3170 | D:5      | Entered Level 5 of the Dungeon
  3181 | D:5      | Found Xaleetz's Neck Hole.
  3346 | D:5      | Found a glowing drain.
  3357 | Sewer    | Entered a sewer
  3439 | Sewer    | Your scales start taking on a dull iron-grey colour.
  3439 | Sewer    | Reached XP level 7. HP: 16/55 MP: 7/7
  3623 | Sewer    | Found a glowing silver altar of Zin.
  3677 | D:5      | Noticed a steam dragon
  3689 | D:5      | Killed a steam dragon
  4260 | D:5      | Reached XP level 8. HP: 55/61 MP: 8/8
  4315 | D:5      | Found a staircase to the Ecumenical Temple.
  4338 | D:5      | Reached skill level 10 in Unarmed Combat
  4344 | Temple   | Entered the Ecumenical Temple
  4397 | Temple   | Became a worshipper of Nemelex Xobeh the Trickster
  4726 | D:5      | Found a runed translucent door.
  4727 | D:5      | Noticed Voker57's ghost (novice DsMo)
  4983 | D:6      | Reached skill level 5 in Fighting
  5313 | D:6      | Found a transporter.
  5315 | D:6      | Noticed Kiciri's ghost (novice DjCj)
  5329 | D:6      | Noticed Prince Ribbit
  5348 | D:6      | Killed Prince Ribbit
  5349 | D:6      | Reached XP level 9. HP: 77/80 MP: 9/9
  5423 | D:6      | Reached * piety under Nemelex Xobeh
  5488 | D:6      | Found a transporter.
  5979 | D:7      | Found a transporter.
  6045 | D:7      | Found a transporter.
  6060 | D:7      | Received a gift from Nemelex Xobeh
  6616 | D:8      | Reached ** piety under Nemelex Xobeh
  6671 | D:8      | Reached skill level 10 in Fighting
  6765 | D:8      | Noticed a two-headed ogre
  6787 | D:8      | Killed a two-headed ogre
  6788 | D:8      | Reached skill level 4 in Shapeshifting
  6799 | D:8      | Reached skill level 5 in Shapeshifting
  6962 | D:8      | Reached XP level 10. HP: 93/93 MP: 10/10
  7111 | D:8      | Received a gift from Nemelex Xobeh
  7326 | D:9      | Reached skill level 6 in Shapeshifting
  7335 | D:9      | Found a flagged portal.
  7402 | Bailey   | Entered a bailey
  7457 | Bailey   | Noticed a two-headed ogre
  7462 | Bailey   | Killed a two-headed ogre
  7463 | Bailey   | Reached skill level 7 in Shapeshifting
  7506 | Bailey   | Reached skill level 8 in Shapeshifting
  7652 | D:9      | Noticed a two-headed ogre
  7658 | D:9      | Killed a two-headed ogre
  7698 | D:9      | Found Emew's Antique Armour Boutique.
  7705 | D:9      | Received a gift from Nemelex Xobeh
  7718 | D:9      | Reached skill level 9 in Shapeshifting
  8088 | D:10     | Entered Level 10 of the Dungeon
  8098 | D:10     | Noticed a gargoyle
  8108 | D:10     | Killed a gargoyle
  8109 | D:10     | Reached XP level 11. HP: 86/99 MP: 11/11
  8188 | D:10     | Found a staircase to the Orcish Mines.
  8205 | D:10     | Reached skill level 10 in Shapeshifting
  8305 | D:10     | Noticed a centaur warrior
  8322 | D:10     | Killed a centaur warrior
  8441 | D:10     | Noticed Psyche
  8468 | D:10     | Killed Psyche
  8547 | D:10     | Reached skill level 11 in Shapeshifting
  8653 | D:10     | Reached *** piety under Nemelex Xobeh
  9226 | D:11     | Reached skill level 12 in Shapeshifting
  9657 | D:11     | Found a staircase to the Lair.
  9924 | D:11     | Reached XP level 12. HP: 100/106 MP: 12/12
 10124 | Lair:1   | Entered Level 1 of the Lair of Beasts
 10124 | Lair:1   | Received a gift from Nemelex Xobeh
 10166 | Lair:1   | Reached skill level 13 in Shapeshifting
 10175 | Lair:1   | Noticed a death yak
 10176 | Lair:1   | Noticed a death yak
 10206 | Lair:1   | Killed a death yak
 10213 | Lair:1   | Killed a death yak
 10262 | Lair:1   | Noticed a death yak
 10263 | Lair:1   | Noticed a death yak
 10274 | Lair:1   | Killed a death yak
 10280 | Lair:1   | Killed a death yak
 10369 | Lair:1   | Noticed Fannar
 10395 | Lair:1   | Killed Fannar
 10396 | Lair:1   | Reached skill level 14 in Shapeshifting
 10484 | Lair:1   | Found a hide-covered altar of Uskayaw.
 11138 | Lair:2   | Noticed Harold
 11150 | Lair:2   | Killed Harold
 11226 | Lair:2   | Reached **** piety under Nemelex Xobeh
 11272 | Lair:2   | Reached skill level 15 in Shapeshifting
 11315 | Lair:2   | Received a gift from Nemelex Xobeh
 11333 | Lair:2   | Noticed Sonja
 11337 | Abyss:1  | Cast into level 1 of the Abyss (Sonja)
 11370 | Abyss:1  | Found a corrupted altar of Lugonu.
 11382 | Abyss:1  | Noticed a Hell Sentinel
 11633 | Abyss:1  | Noticed a tentacled starspawn
 11639 | Abyss:1  | Killed a tentacled starspawn
 11640 | Abyss:1  | Reached XP level 13. HP: 113/113 MP: 13/13
 11654 | Abyss:1  | Noticed a starcursed mass
 11662 | Abyss:1  | Found a corrupted altar of Lugonu.
 11834 | Abyss:1  | Reached skill level 1 in Shields
 11845 | Abyss:1  | Noticed a Hell Sentinel
 11954 | Abyss:1  | Found a corrupted altar of Lugonu.
 11954 | Abyss:1  | Noticed a tentacled starspawn
 11966 | Abyss:1  | Killed a tentacled starspawn
 11967 | Abyss:1  | Found a corrupted altar of Lugonu.
 12044 | Abyss:1  | Noticed a starcursed mass
 12258 | Abyss:1  | Noticed a starcursed mass
 12259 | Abyss:1  | Noticed a starcursed mass
 12268 | Abyss:1  | Paralysed by accursed screaming for 1 turns
 12273 | Abyss:1  | Paralysed by accursed screaming for 1 turns
 12276 | Lair:2   | Escaped the Abyss
 12409 | Lair:2   | Killed Sonja
 12483 | Lair:2   | Noticed Amaemon
 12487 | Lair:2   | Killed Amaemon
 12779 | Lair:3   | Reached skill level 5 in Shields
 12901 | Lair:3   | Reached skill level 16 in Shapeshifting
 12932 | Lair:3   | Received a gift from Nemelex Xobeh
 12988 | Lair:3   | Found a staircase to the Swamp.
 13448 | Lair:3   | Found a hole to the Spider Nest.
 13593 | Lair:4   | Noticed Kirke
 13608 | Lair:4   | Killed Kirke
 13801 | Lair:4   | Noticed Rupert
 13801 | Lair:4   | Paralysed by Rupert for 2 turns
 13808 | Lair:4   | Killed Rupert
 13884 | Lair:4   | Reached XP level 14. HP: 121/121 MP: 14/14
 14163 | Lair:4   | You fall into a shaft and drop 1 floor!
 14163 | Lair:5   | Entered Level 5 of the Lair of Beasts
 14207 | Lair:5   | Reached ***** piety under Nemelex Xobeh
 14343 | Lair:5   | Received a gift from Nemelex Xobeh
 14428 | Lair:5   | Reached skill level 17 in Shapeshifting
 14730 | Lair:5   | Reached skill level 10 in Shields
 14751 | Lair:5   | Reached skill level 1 in Invocations
 14869 | Lair:5   | Identified the +3 hand axe "Launearexu" {speed, Drain Will+
                  | Dex+3}
 14913 | Lair:5   | Identified the +5 morningstar of the Extremes {drain, Str+6
                  | Dex+2 Stlth-}
 15104 | Lair:5   | Found a viscous altar of Jiyva.
 15104 | Lair:5   | Found a staircase to the Slime Pits.
 15849 | Orc:1    | Entered Level 1 of the Orcish Mines
 15876 | Orc:2    | Entered Level 2 of the Orcish Mines
 15878 | Orc:2    | Received a gift from Nemelex Xobeh
 16300 | Orc:2    | Noticed an orc warlord
 16311 | Orc:2    | Killed an orc warlord
 16415 | Orc:2    | Reached XP level 15. HP: 58/129 MP: 18/18
 16624 | Orc:2    | Found a staircase to the Elven Halls.
 16757 | Orc:2    | Received a gift from Nemelex Xobeh
 16870 | Orc:2    | Found Bubos's General Store.
 16871 | Orc:2    | Found Ziell's Book Emporium.
 16873 | Orc:2    | Found Zyphimpy's Antique Armour Shoppe.
 16873 | Orc:2    | Found Jepupny's Antique Weapon Shoppe.
 16899 | Orc:2    | Bought the -2 hat of the Alchemist {rElec rPois rF+ rC+ rN+
                  | Will+ rMut rCorr} for 1557 gold pieces
 16899 | Orc:2    | Found the -2 hat of the Alchemist {rElec rPois rF+ rC+ rN+
                  | Will+ rMut rCorr}
 17263 | Orc:1    | Reached skill level 5 in Invocations
 18010 | D:12     | Received a gift from Nemelex Xobeh
 18209 | D:12     | Found Dieb's Distillery.
 18214 | D:12     | Bought a potion of haste for 160 gold pieces
 18214 | D:12     | Bought a potion of curing for 48 gold pieces
 18402 | D:13     | Found a gate leading to a gauntlet.
 18407 | Gauntlet | Entered a Gauntlet
 18407 | Gauntlet | Found a transporter.
 18410 | Gauntlet | Found a transporter.
 18416 | Gauntlet | Received a gift from Nemelex Xobeh
 18426 | Gauntlet | Found a transporter.
 18430 | Gauntlet | Found a transporter.
 18431 | Gauntlet | Reached ****** piety under Nemelex Xobeh
 18450 | Gauntlet | Found a transporter.
 18462 | Gauntlet | Found a transporter.
 18466 | Gauntlet | Found a runed translucent door.
 18476 | Gauntlet | Found a transporter.
 18506 | Gauntlet | Found a transporter.
 18507 | Gauntlet | Found a transporter.
 18513 | Gauntlet | Found a transporter.
 18513 | Gauntlet | Found a transporter.
 18521 | Gauntlet | Found a transporter.
 18561 | Gauntlet | Identified the +2 hat of Guaperr {rCorr SInv}
 18600 | Gauntlet | Identified the +0 cloak of Zin {+Inv Will+}
 18632 | Gauntlet | Got Olyotiu's Almanac of Glamour and Freezing
 19243 | D:14     | Received a gift from Nemelex Xobeh
 19526 | D:14     | Noticed Roxanne
 19560 | D:14     | Killed Roxanne
 19773 | D:14     | Found a gate to the Vaults.
 20138 | D:14     | Found a basalt altar of Yredelemnul.
 20233 | D:15     | Entered Level 15 of the Dungeon
 20254 | D:15     | Received a gift from Nemelex Xobeh
 20463 | D:15     | Found a staircase to the Depths.
 20700 | D:15     | Received a gift from Nemelex Xobeh
 20726 | D:15     | Reached XP level 16. HP: 143/143 MP: 21/21
 20929 | D:15     | Received a gift from Nemelex Xobeh
 21257 | Swamp:1  | Entered Level 1 of the Swamp
 21639 | Swamp:1  | Received a gift from Nemelex Xobeh
 21925 | Swamp:2  | Noticed Nikola
 21950 | Swamp:2  | Killed Nikola
 21966 | Swamp:2  | HP: 9/189 [vampire mosquito (4)]
 21971 | Swamp:2  | Mangled by a goliath frog

Illustrated notes

Levels and vault maps discovered:
D:1:      amcnicky_arrival_gap_in_the_tavern_cellar, layout_basic,
          chequers_big_river
D:2:      layout_basic, serial_shops, shop
D:3:      layout_rooms, shapermc_ecumenical_altar_notcrosses, minmay_vboxes
D:4:      layout_basic, uniq_eustachio
D:5:      nicolae_cairo_tiling_very_big, layout_loops_ring,
          minmay_temple_entry_stoned_glass, ebering_ghost_inner_flame,
          gup_sewer_entry_pipe, nicolae_shop_sticking_my_neck_out
D:6:      layout_cave_pools, gammafunk_ghost_stat_death, uniq_prince_ribbit1
D:7:      gammafunk_cloud_chamber, layout_loops_ring,
          minmay_misc_feat_more_columns, nicolae_figureground_sparkle
D:8:      layout_basic
D:9:      layout_rooms, serial_shops, nicolae_shop_crystal, enter_bailey_5
D:10:     layout_long_grid, zombieorc1_lemuel, minmay_circle_x, uniq_psyche
D:11:     layout_roguey, david_lair_shrubbed, kennysheep_generic_room_7
D:12:     layout_roguey, serial_shops, nicolae_shop_just_a_little_nook
D:13:     layout_loops_ring, gauntlet_entry_generic
D:14:     layout_basic, ximxim_vaults_locker_room, minmay_misc_feat_encased,
          st_stairs_14, chequers_serial_rivers_large_a,
          yredelemnul_forgotten_temple_becter, uniq_roxanne
D:15:     grunt_enter_depths_magical_seal, layout_grid_maze,
          chequers_serial_rivers_room_a, pond
Temple:   hellmonk_choose_your_character
Lair:1:   layout_regular_city, basic_altar, uniq_fannar
Lair:2:   layout_big_grid, roderic_carrion_pond, uniq_amaemon, uniq_harold,
          uniq_sonja
Lair:3:   layout_long_grid, swamp_mist_pool,
          hellmonk_spider_entry_life_and_decay, lemuel_fruit_tree
Lair:4:   layout_long_grid, uniq_kirke, uniq_rupert
Lair:5:   minmay_lair_end_enchanted_forest, layout_small_grid,
          dpeg_slime_entry_enclosed, nicolae_lair_grove_arrangements
Swamp:1:  layout_basic_swamp, evilmike_swamp_ruin_house_4
Swamp:2:  layout_basic_swamp, evilmike_swamp_ruin_rubble_1, swamp_pool2,
          infiniplex_staircase_pool_2, uniq_nikola
Orc:1:    layout_diamond_mine, mines5_lemuel
Orc:2:    st_orc_congregation, layout_diamond_mine

Skill      XL: |  1  2  3  4  5  6  7  8  9 10 11 12 13 14 15 16 |
---------------+-------------------------------------------------+-----
Unarmed Combat | 3 4 6 7 9 10 12 13 | 13.5
Fighting       | 7 10 11 13 14 | 14.1
Shapeshifting  | 5 9 12 15 16 17 | 17.3
Shields        | 7 10 11 | 11.6
Invocations    | 4 7 |  7.7
Dodging        | |  1.7

Action                     |  1- 3 |  4- 6 |  7- 9 | 10-12 | 13-15 | 16-18 || total
---------------------------+-------+-------+-------+-------+-------+-------++-------
  Melee: Unarmed           |   107 |   125 |   238 |   554 |  1112 |   159 ||  2295
         Tailslap          |    12 |     9 |    40 |    82 |   177 |    24 ||   344
         Punch             |     1 |     2 |     8 |    41 |    11 |       ||    63
         Constrict         |       |       |       |    12 |       |       ||    12
 Invoke: Draw Destruction  |       |       |       |     3 |       |       ||     3
         Draw Summoning    |       |       |       |     1 |     3 |     1 ||     5
         Triple Draw       |       |       |       |       |     1 |       ||     1
  Evoke: Wand              |       |       |       |     1 |     3 |       ||     4
    Use: Scroll            |     3 |     7 |     7 |     8 |     9 |     2 ||    36
         Potion            |       |     3 |     1 |     3 |     2 |     2 ||    11
   Stab: Sleeping          |     2 |       |       |     1 |       |       ||     3
         Paralysed         |       |       |       |     3 |     1 |       ||     4
         Distracted        |       |       |       |       |       |     1 ||     1
 Armour: Skin              |    27 |    40 |    88 |   208 |  1118 |   156 ||  1637
  Dodge: Dodged            |    64 |    67 |   125 |   281 |   794 |   118 ||  1449
  Block: Buckler           |       |       |       |       |   514 |   101 ||   615
   Form: Statue            |       |       |       |     1 |       |       ||     1
         Anaconda          |       |       |       |     1 |       |       ||     1

Table legend: (Time is in decaauts)
 A = Elapsed time spent in this place.
 B = Non-inter-level travel time spent in this place.
 C = Inter-level travel time spent in this place.
 D = Time resting spent in this place.
 E = Time spent auto-exploring this place.
 F = Levels seen in this place.
 G = Mean time per level.
                   A        B        C        D        E       F      G
               +--------+--------+--------+--------+--------+-----+--------+
         Total |  27117 |  25502 |   1615 |   1077 |  18577 |  29 |  935.1 |
       Dungeon |  14413 |  13579 |    834 |    100 |  10909 |  15 |  960.9 |
        Temple |     69 |     54 |     15 |      0 |      0 |   1 |   69.0 |
          Lair |   6540 |   6139 |    401 |      0 |   4677 |   5 | 1308.0 |
         Swamp |   1200 |   1180 |     20 |      0 |    866 |   2 |  600.0 |
  Orcish Mines |   2615 |   2271 |    344 |      0 |   1642 |   2 | 1307.5 |
         Abyss |   1384 |   1384 |      0 |    977 |      4 |   1 | 1384.0 |
         Sewer |    328 |    328 |      0 |      0 |    261 |   1 |  328.0 |
        Bailey |    232 |    232 |      0 |      0 |    153 |   1 |  232.0 |
      Gauntlet |    332 |    332 |      0 |      0 |     61 |   1 |  332.0 |
               +--------+--------+--------+--------+--------+-----+--------+

Top non-repeatable levels by time:
  Lair:5: 1767 daAuts
   Orc:2: 1752 daAuts
    D:14: 1533 daAuts
 Abyss:1: 1384 daAuts
  Lair:4: 1333 daAuts
     D:5: 1331 daAuts
  Lair:3: 1321 daAuts
    D:15: 1248 daAuts
    D:10: 1217 daAuts
    D:13: 1174 daAuts
  Lair:2: 1148 daAuts
 Swamp:1: 1128 daAuts
  Lair:1: 970 daAuts
    D:11: 943 daAuts
     D:2: 891 daAuts
